 Dungeon Crawl Stone Soup version 0.29.0-11-gd7f09526c8 (webtiles) character file.

Game seed: 8449247610998959209

115 sanboga the Covered (level 5, -4/33 HPs)
             Began as a Gargoyle Fighter on Sept 5, 2022.
             Killed from afar by Ijyb (25 damage)
             ... with a bolt of dispelling energy
             ... on level 3 of the Dungeon.
             The game lasted 00:02:53 (2986 turns).

sanboga the Covered (Gargoyle Fighter)              Turns: 2986, Time: 00:02:54

Health: -4/33      AC: 13    Str: 22    XL:     5   Next: 0%
Magic:  5/5        EV:  9    Int:  8    God:
Gold:   102        SH:  4    Dex:  9    Spells: 4/4 levels left

rFire   . . .      SeeInvis .   a - +0 war axe
rCold   . . .      Faith    .   c - +0 buckler
rNeg    + . .      Spirit   .   b - +0 scale mail
rPois   ∞          Reflect  .   q - +0 helmet
rElec   +          Harm     .   (no cloak)
rCorr   .          Rampage  .   j - +0 pair of gloves
Will    .....                   (no boots)
Stlth   ..........              (no amulet)
HPRegen 0.11/turn               (no ring)
MPRegen 0.09/turn               (no ring)

@: no status effects
A: sickness immunity, AC +4, negative energy resistance 1, electricity
resistance, torment resistance 1, petrification resistance
a: no special abilities


You were on level 3 of the Dungeon.
You visited 1 branch of the dungeon, and saw 3 of its levels.

You collected 102 gold pieces.

Inventory:

Hand Weapons
 a - a +0 war axe (weapon)
Armour
 b - a +0 scale mail (worn)
 c - a +0 buckler (worn)
 j - a +0 pair of gloves (worn)
 q - a +0 helmet (worn)
Scrolls
 e - 3 scrolls of fear {unknown}
 f - a scroll of magic mapping {unknown}
 g - a scroll of butterflies {unknown}
 h - 2 scrolls of immolation {unknown}
 k - a scroll of torment {unknown}
 l - 2 scrolls of identify {unknown}
 o - 2 scrolls of teleportation {unknown}
Potions
 d - 2 potions of might
 i - a potion of cancellation {unknown}
 m - a potion of brilliance {unknown}
 n - a potion of curing {unknown}
 p - a potion of degeneration {unknown}


   Skills:
 + Level 4.0 Fighting
 * Level 3.1 Axes
 + Level 4.0 Armour
 + Level 3.9 Shields


You had 4 spell levels left.
You didn't know any spells.
Your spell library contained the following spells:

 Spells                   Type           Power      Damage    Failure   Level
 Magic Dart               Conj           0%         1d3       82%         1
 Searing Ray              Conj           0%         2d4       91%         2
 Gell's Gravitas          Tloc           0%         N/A       99%         3
 Ignite Poison            Fire/Tmut/Pois 0%         N/A       99%         3
 Mephitic Cloud           Conj/Pois/Air  0%         N/A       99%         3
 Teleport Other           Tloc           0%         N/A       99%         3
 Fulminant Prism          Conj/Hex       0%         3d6       100%        4
 Freezing Cloud           Conj/Ice/Air   0%         6-21      100%        5
 Dispersal                Tloc           0%         N/A       100%        6


Dungeon Overview and Level Annotations

Branches:
Dungeon (3/15)

Altars:
Ru

Shops:
D:2 (

Annotations:
D:3 Ijyb


Innate Abilities, Weirdness & Mutations

You are immune to sickness and miasma.
Your stone body is resilient. (AC +4)
You are immune to poison.
You resist negative energy. (rN+)
You are resistant to electric shocks. (rElec)
You are resistant to unholy torment.
You are immune to petrification.


Message History

You have reached level 5!
You see here a bat corpse.
Found 12 gold pieces.
You feel a little less mighty now.
l - 2 scrolls labelled ROQUEN FATZ (gained 1)
o - 2 scrolls labelled IKHLABYONLEO (gained 1)
You now have 102 gold pieces (gained 12).
You start resting.
HP restored.
Items here: ) [ ††.
There is an open door, spattered with blood here.
Things that are here:
a +0 dagger; an adder corpse
Items here: ))) †.
Ijyb the Twisted Goblin comes into view.
She is wielding a +0 dagger and carrying a wand of quicksilver (9).
Ijyb shouts!
Ijyb is nearby!
Ijyb is nearby!
Press: ? - help, v - describe, . - travel
Here: Ijyb, wielding a +0 dagger, wearing a +0 leather armour and carrying a wand of quicksilver (9)
The floor.
Ijyb hits you but does no damage.
You barely miss Ijyb. Ijyb hits you but does no damage.
You hit Ijyb but do no damage. Ijyb hits you but does no damage.
You hit Ijyb but do no damage. Ijyb hits you with a +0 dagger. x2
You hit Ijyb but do no damage. Ijyb hits you with a +0 dagger.
You miss Ijyb. Ijyb hits you but does no damage.
You slash Ijyb!
Ijyb is moderately wounded.
Ijyb screams, "I cut your head off!" You block Ijyb's attack.
Ijyb hits you but does no damage.
You hit Ijyb.
Ijyb is heavily wounded.
Ijyb zaps a wand.
The bolt of dispelling energy hits you.
You closely miss Ijyb.
Ijyb is heavily wounded.
Ijyb zaps a wand.
The bolt of dispelling energy hits you!!
Ouch! That really hurt!
You die...

... #. ... #. ... #. ### ##
#########. #.. ...
.......... #.#
##.#########). #.#
#.......# #†. #g#
.....##.####.. #@#
#........... ####.#
#.#.#.####.# #....# #.....#
#.# #.#### ###....## #.#
#.# ..###.†.....# #.#
#############.#
...........)# #.#
#........).)..#
..###.......# #.#
#.########)#######
###...### .#
#.##≈≈≈≈≈≈)≈≈≈≈≈≈######...#


You could see Ijyb.

Vanquished Creatures
  Robin (D:3)
  4 adders
  A dart slug (D:1)
  An orc (D:3)
  2 endoplasms (D:3)
  2 giant cockroaches
  13 goblins
  9 hobgoblins
  4 kobolds
  4 quokkas
  4 ball pythons
  6 bats
  3 frilled lizards
  8 rats
62 creatures vanquished.

Notes
Turn   | Place    | Note
-------+----------+-------------------------------------------
     0 | D:1      | sanboga the Gargoyle Fighter began the quest for the Orb.
     0 | D:1      | Reached XP level 1. HP: 14/14 MP: 1/1
   327 | D:1      | Reached XP level 2. HP: 12/19 MP: 2/2
  1252 | D:2      | Reached XP level 3. HP: 12/23 MP: 3/3
  1783 | D:2      | Found Gydghul's Antique Weapon Shop.
  1950 | D:2      | Found a sacrificial altar of Ru.
  2214 | D:2      | Reached XP level 4. HP: 22/29 MP: 4/4
  2768 | D:3      | Noticed Robin
  2787 | D:3      | Killed Robin
  2814 | D:3      | Reached XP level 5. HP: 17/33 MP: 5/5
  2976 | D:3      | Noticed Ijyb
  2986 | D:3      | Killed from afar by Ijyb

Illustrated notes

Levels and vault maps discovered:
D:1:      sevenhm_arrival_forest_fort_small_4, layout_loops_corners,
          minivault_5, chequers_serial_rivers_micro_b, dreamdust_princess_bridge
D:2:      layout_basic, serial_shops, nicolae_shop_statue_plus, basic_altar
D:3:      minmay_bubble_buster, layout_loops_ring, kennysheep_path_1,
          minmay_surrounded, uniq_robin, uniq_ijyb

Skill      XL: |  1  2  3  4 |
---------------+-------------+-----
Axes           | 2 3 |  3.1
Fighting       | 4 |  4.0
Armour         | 4 |  4.0
Shields        | |  3.9

Action                   |  1- 3 |  4- 6 || total
-------------------------+-------+-------++-------
Melee: War axe           |   128 |    49 ||   177
  Use: Potion            |       |     1 ||     1
Armor: Scale mail        |    81 |    35 ||   116
Dodge: Dodged            |    65 |    31 ||    96
Block: Buckler           |    31 |     8 ||    39
